[Event "4NCL 2022-2023"]
[Site "Daventry"]
[Date "2023.02.11"]
[Round "5.27"]
[White "Adair, James R"]
[Black "Royal, Shreyas"]
[Result "1/2-1/2"]
[ECO "C95"]
[WhiteElo "2449"]
[BlackElo "2452"]
[Annotator "TA"]
[PlyCount "123"]
[EventDate "2022.10.20"]
[EventType "team-tourn"]
[EventCountry "ENG"]
[SourceTitle "playchess.com"]
[Source "ChessBase"]
[SourceQuality "1"]
[TimeControl "40/6000+30:2400+30"]

1. e4 e5 2. Nf3 Nc6 3. Bb5 a6 4. Bc4 Nf6 5. O-O Be7 6. Re1 b5 7. Bb3 d6 8. c3 O-O 9. h3 Nb8 10. d4 Nbd7 11. Nbd2 Bb7 12. Bc2 Re8 13. Nf1 Bf8 14. Ng3 g6 15. Bd2 Bg7 16. Qc1 {[%emt 0:00:30] C95: Closed Ruy Lopez: Breyer Variation with 10 d4.} d5 17. Bg5 {[%emt 0:00:30] [#] White wants to play Nxe5.} h6 $146 ({Predecessor:} 17... dxe4 18. Bxe4 Bxe4 19. Nxe4 exd4 20. cxd4 Qc8 21. Nxf6+ Nxf6 22. Qc6 Qd7 23. Rxe8+ Qxe8 24. Qxc7 {½-½ Esipenko,A (2682)-Kamsky,G (2655) Biel 55th 2022 (5)}) 18. Bxh6 {[%emt 0:00:30] White is slightly better.} dxe4 19. Bxe4 Nxe4 20. Nxe4 exd4 21. Bxg7 Kxg7 22. Neg5 Rxe1+ 23. Qxe1 dxc3 24. Qxc3+ Nf6 25. Ne5 Qd5 26. f3 {[%emt 0:00:30] Active counter play!} (26. Nexf7 $2 Qxg2#) 26... Re8 27. Ngxf7 {[%emt 0:00:30] And now Re1 would win.} (27. Nexf7 Re7 $11) 27... Re7 28. Re1 (28. Rc1 $5 c5 29. Qc2 (29. Qxc5 Qxc5+ 30. Rxc5 Bd5 $17) 29... Qd4+ 30. Kh1 Rxe5 31. Nxe5 Qxe5 32. Qxc5 $16) 28... Bc8 (28... Rxf7 $11 {and Black is okay.} 29. Nxf7 Qxf7) 29. Ng5 $18 {[%emt 0:00:30] Excellent horsemanship.} (29. Qc2 $6 Bf5 30. Qc3 Rxf7 $16) 29... b4 30. Qe3 ({Weaker is} 30. Qxb4 Rxe5 31. h4 Rxe1+ 32. Qxe1 Qd4+ 33. Kh2 Kf8 $17) 30... Bb7 31. Qe2 (31. Qc1 $16 {[%cal Oc1c2] Qc2! is the strong threat.} Nh5 32. g4 (32. Qe3 c5 $14)) 31... Qd4+ {[%emt 0:00:30] [#]} (31... c5 $1 $11) 32. Qf2 $1 $16 Qf4 (32... Qb6 $16) 33. Qe3 $2 (33. Qc5 $18 Ng8 34. Qxe7+ {[%mdl 64] Remove Defender} Nxe7 35. Ne6+ Kf6 36. Nxf4) 33... Qg3 $14 34. Re2 (34. Ngf7 $1 $14 Qh4 35. Nd8) 34... Nd5 $11 35. Qd4 {[%emt 0:00:30] White threatens Nc6+ and mate.} c5 (35... Qxg5 $5 36. Nc6+ $8 Qf6 37. Qxf6+ Kxf6 38. Nxe7 Nxe7 $11) 36. Qg4 {[%emt 0:00:30] Really sharp!} Qxg4 37. hxg4 c4 {[%emt 0:00:30] ...c3 would be deadly.} 38. g3 $1 Nf6 (38... c3 $11 39. f4 a5) 39. Kf2 $14 Bd5 40. Nh3 c3 41. bxc3 bxc3 42. Nf4 (42. g5 $16 Ng8 43. Nf4 Bxa2 44. Rxa2 (44. Nfxg6 Rc7 $14) 44... Rxe5 45. Rxa6) 42... c2 43. Ned3 (43. Nfd3 $5 ) 43... Rxe2+ 44. Kxe2 $11 {[%emt 0:00:30][%mdl 4096] Endgame KBN-KNN} Bc4 45. Kd2 {[%emt 0:00:30] Threatens to win with a3.} g5 46. Ne2 {[%emt 0:00:30] Black must now prevent a3.} Bxa2 47. Kxc2 Bd5 (47... Nd7 $11) 48. Nd4 (48. Ne5 $1 $14) 48... a5 49. Kc3 Nd7 {[%emt 0:00:30] Prevents Ne5. The position is equal.} 50. f4 Kf6 51. Nf5 gxf4 52. gxf4 Bf3 53. Ne3 Bxg4 {[%emt 0:00:30][%mdl 64] [#] Deflection} 54. Nxg4+ Kf5 55. Ne3+ Ke4 56. Nc4 Nf6 57. Nd6+ Kd5 58. Nf5 {[%emt 0:00:30] Hoping for Ng3.} Nh5 {[%emt 0:00:30] Dodges Ng3} 59. Ne3+ Ke4 60. Nc4 Nxf4 61. Nxf4 Kxf4 62. Nxa5 {[%emt 0:00:30] Weighted Error Value: White=0.26 (precise) /Black=0.14 (very precise)} 1/2-1/2

[Event "4NCL 2022-2023"]
[Site "Daventry"]
[Date "2023.02.11"]
[Round "5.28"]
[White "Czopor, Maciej"]
[Black "Wells, Peter K"]
[Result "1/2-1/2"]
[ECO "C56"]
[WhiteElo "2412"]
[BlackElo "2361"]
[Annotator "TA"]
[PlyCount "56"]
[EventDate "2022.10.20"]
[EventType "team-tourn"]
[EventCountry "ENG"]
[SourceTitle "playchess.com"]
[Source "ChessBase"]
[SourceQuality "1"]
[TimeControl "40/6000+30:2400+30"]

1. e4 e5 2. Nf3 Nc6 3. Bc4 Nf6 4. d4 exd4 5. e5 d5 6. Bb5 Ne4 7. Nxd4 Bc5 8. Be3 O-O 9. Nxc6 bxc6 10. Bxc5 Nxc5 11. Bxc6 Rb8 {[%emt 0:05:04][%cal Ba8b8,Bb8b2,Bb2c2,Bc2c6][%mdl 32] [#] aiming for ...Ba6. C56: Two Knights: 4 d4 exd4 5 0-0 Nxe4.} 12. Qxd5 Qe7 {[%emt 0:19:50] Threatens to win with ...Rd8.} 13. O-O Rxb2 14. Nc3 Rxc2 15. Qd4 Be6 (15... Ne6 $5 16. Qd3 Rb2 $11) 16. Rfd1 {[%emt 0:27:28] [#]} a5 $146 ({Predecessor:} 16... h6 17. Rab1 a6 18. Qb4 Bf5 19. Nd5 Qe6 20. h3 Kh7 21. Ba4 a5 22. Qa3 Rd8 23. Bxc2 Bxc2 {1-0 Sanal,V (2581)-Sargissian,G (2682) Online Olym Div Top-C rapid 2020 (3.2)}) 17. Rab1 h5 18. Rb5 (18. h3 $14) 18... Na4 19. Nxa4 Rxc6 20. Nc5 Bxa2 21. Rxa5 {[%emt 0:00:54] Black must now prevent Nd7.} Be6 22. h3 Re8 23. Qa4 Rxc5 {[%emt 0:02:29] The position is equal.} 24. Rxc5 Bb3 25. Qxb3 Qxc5 26. Rd7 Qc1+ 27. Kh2 Qf4+ 28. Qg3 Qxg3+ {[%emt 0:00:47] Weighted Error Value: White=0.06 (flawless) /Black=0.07 (flawless)} 1/2-1/2

[Event "4NCL 2022-2023"]
[Site "Daventry"]
[Date "2023.02.11"]
[Round "5.29"]
[White "Han, Yichen"]
[Black "Derakhshani, Borna"]
[Result "1-0"]
[ECO "D14"]
[WhiteElo "2399"]
[BlackElo "2380"]
[Annotator "TA"]
[PlyCount "101"]
[EventDate "2022.10.20"]
[EventType "team-tourn"]
[EventCountry "ENG"]
[SourceTitle "playchess.com"]
[Source "ChessBase"]
[SourceQuality "1"]
[TimeControl "40/6000+30:2400+30"]

1. d4 d5 2. c4 c6 3. cxd5 cxd5 4. Nc3 Nf6 5. Bf4 Nc6 6. e3 Bf5 7. Qb3 Na5 8. Qa4+ Bd7 9. Qc2 Rc8 10. Nf3 e6 11. Bd3 b5 12. a3 (12. Bxb5 $2 {perishes.} Bxb5 13. Ng1 Bb4 $19) 12... Nc4 {[%emt 0:00:13] D14: Slav Defence: Exchange variation with ...Bf5.} 13. Qe2 Be7 14. O-O O-O {[%emt 0:00:09] The position is equal.} 15. Ne5 Be8 16. a4 b4 {[%emt 0:13:09] [#]} 17. Na2 $146 (17. Nb5 {feels hotter.} a6 18. Na7 Rc7 19. Nxc4 dxc4 20. Bxc7 Qxc7 21. Bxc4 Qxa7 22. Bxa6 Qa8 23. a5) ({Predecessor:} 17. Nb5 a6 18. Na7 Rc7 19. Nxc4 dxc4 20. Bxc7 Qxc7 21. Bxc4 Qxa7 22. Bxa6 Nd5 23. Rfc1 {1-0 Prohaszka,P (2583)-Milov,L (2523) BL2-Ost 1314 2013 (7.1)}) 17... Nxe5 18. Bxe5 Bxa4 {[%emt 0:11:32] [#]} 19. Nxb4 $1 {[%emt 0:03:17][%mdl 64] Discovered Attack} Bxb4 20. Rxa4 a5 21. Raa1 Nd7 22. Bg3 ({Much worse is} 22. Qh5 g6 23. Qe2 Nxe5 24. dxe5 Qc7 $15) 22... Qb6 23. h3 Nf6 24. Be5 Ne4 25. Rfc1 f6 26. Bf4 Bd6 (26... Nd6 $14) 27. Bxe4 dxe4 ({Better is} 27... Rxc1+ 28. Rxc1 Bxf4) 28. Bxd6 $16 Qxd6 29. Qd2 (29. Qb5 $16) 29... Qb4 $1 $14 30. Qxb4 axb4 31. Rc5 (31. g3 $14) 31... Rxc5 $11 32. dxc5 {[%emt 0:01:24][%mdl 4096] Endgame KR-KR} Rc8 33. Ra5 Kf7 34. Kf1 e5 35. Rb5 Ke6 36. g4 h6 37. h4 g6 38. Rb6+ (38. Rxb4 $16 {aiming for Rb6+.} Rxc5 39. Rb6+ Kf7 40. Rb7+ Ke8 41. b4) 38... Ke7 (38... Kd5 $1 $11 {remains equal.}) 39. Rb7+ Ke6 40. Rb6+ (40. Rxb4 $5 Rxc5 41. Rb6+ Kf7 42. Rb7+ Ke8 43. b4 Rc1+ 44. Kg2 $14) 40... Ke7 41. Rxb4 {[%emt 0:43:49] Hoping for Rb5.} Rxc5 42. Rxe4 Rb5 {[%emt 0:00:00] [#]} ({Black should play} 42... h5) 43. b4 $1 $16 Rb8 44. Rc4 Kd6 45. Ke2 Ra8 46. b5 Kd5 (46... Ra2+ 47. Kf3 Rb2 48. Rc6+ Ke7) 47. Rc6 $18 {[%emt 0:00:00] White is clearly winning.} Rf8 (47... Ra4 $142 48. f3 (48. Rxf6 Rxg4 49. b6 Rxh4 $18) 48... e4 49. Rxf6 Ra2+ 50. Kf1 exf3 51. Rxg6 Rh2) 48. Kd3 e4+ 49. Kc3 g5 50. hxg5 hxg5 (50... fxg5 $142 51. Rxh6 Kc5) 51. Kb4 {[%emt 0:00:00] Weighted Error Value: White=0.14 (very precise) /Black=0.27 (precise)} 1-0

[Event "4NCL 2022-2023"]
[Site "Daventry"]
[Date "2023.02.11"]
[Round "5.30"]
[White "Yao, Lan"]
[Black "Camacho Collados, Jose"]
[Result "1/2-1/2"]
[ECO "B45"]
[WhiteElo "2279"]
[BlackElo "2406"]
[Annotator "TA"]
[PlyCount "129"]
[EventDate "2022.10.20"]
[EventType "team-tourn"]
[EventCountry "ENG"]
[SourceTitle "playchess.com"]
[Source "ChessBase"]
[SourceQuality "1"]
[TimeControl "40/6000+30:2400+30"]

1. e4 c5 2. Nf3 e6 3. d4 cxd4 4. Nxd4 Nf6 5. Nc3 Nc6 6. Be3 Bb4 7. Bd3 Ne5 8. O-O {[%emt 0:00:00] B45: Sicilian Four Knights.} O-O 9. h3 Nxd3 10. cxd3 e5 11. Nde2 d5 {[%emt 0:16:49] Hoping for ...d4.} 12. Bg5 {[%emt 0:00:00] [#]} Be6 $146 (12... dxe4 $11 13. Bxf6 Qxf6) ({Predecessor:} 12... dxe4 13. dxe4 Qxd1 14. Rfxd1 Be7 15. Bxf6 Bxf6 16. Nd5 Bd8 17. Rac1 Be6 18. b3 Rc8 19. Rxc8 Bxc8 {½-½ Ljuboschiz,A (2205)-Berberich,C (2025) Leverkusen Bayer op 2nd 1997 (4)}) 13. exd5 $14 Bxd5 14. Bxf6 gxf6 15. Nxd5 Qxd5 16. Ng3 {[%emt 0:00:00] Qg4+ would be deadly.} Kh8 17. Qg4 Bc5 18. Rac1 (18. Qf5 {simplifies} Qe6 19. Qf3 Rac8 20. Rac1) 18... Rg8 19. Qe4 Qxe4 20. Nxe4 Bb6 21. Nxf6 Rg6 22. Nd5 Bd4 23. Ne7 (23. Rc7 $16) 23... Ra6 $11 24. Rc7 Rxa2 25. b4 ({Much worse is} 25. Rxb7 Rxb2 26. Rxb2 Bxb2 $11) 25... Bb6 (25... Rb2 $11) 26. Rxb7 $14 Rd8 {[%emt 0:00:28] Wards off Nd5} (26... Kg7 $14) 27. Nc6 $36 {[%emt 0:01:00][%csl LRd8,LRe5,LRf7][%mdl 2112] Discovered Attack, Double Attack. Black is under strong pressure.} Rd5 28. Rxf7 Rc2 29. Ne7 ({White should try} 29. Nxa7 $18 Rxd3 30. Rb7) 29... Rxd3 {[%emt 0:00:35] [#]} 30. Nf5 $1 Rd8 {[%emt 0:00:04] Against Rf8+} 31. Nh6 ({White should play} 31. g4 $16) 31... e4 {[%emt 0:00:56] ...e3 is the strong threat.} 32. Ng4 Rc7 33. Rf4 Rd4 34. Re1 (34. Ne3 $16) 34... Rxb4 35. Rfxe4 Rxe4 36. Rxe4 $11 {[%emt 0:00:02][%mdl 4096] Endgame KRB-KRN} Kg7 37. Kh2 a5 38. f4 h5 39. Ne5 Kf6 {[%emt 0:00:29] [#]} (39... h4 $11) 40. Nc4 (40. g4 $1 $16) 40... Bf2 {[%emt 0:00:32] The position is equal.} 41. g4 hxg4 42. hxg4 {[%emt 0:00:00] Black must now prevent Kg2.} a4 43. Na3 Ra7 44. Rc4 Ra5 45. Rc6+ Ke7 46. f5 Kd7 47. Rc3 Rd5 48. Kg2 Bc5 49. Kg3 Bb4 50. Rf3 Rd1 51. Kf4 Ke7 52. Kg5 {[%emt 0:00:41] aiming for Kg6.} Kf7 53. Kf4 Bd6+ 54. Ke4 Rg1 55. Kd5 Bb8 56. Nc4 Rxg4 57. Ne5+ Bxe5 58. Kxe5 {[%emt 0:00:03] KR-KR} Rg1 59. Ra3 Re1+ 60. Kf4 Rf1+ 61. Ke5 Re1+ 62. Kf4 Rh1 63. Kg5 Rg1+ 64. Kf4 Rf1+ 65. Ke5 {[%emt 0:00:37] White really could win this.   Weighted Error Value: White=0.14 (very precise) /Black=0.12 (very precise)} 1/2-1/2

[Event "4NCL 2022-2023"]
[Site "Daventry"]
[Date "2023.02.11"]
[Round "5.31"]
[White "Palliser, Richard J D"]
[Black "Stoyanov, Viktor"]
[Result "1/2-1/2"]
[ECO "D85"]
[WhiteElo "2397"]
[BlackElo "2243"]
[Annotator "TA"]
[PlyCount "191"]
[EventDate "2022.10.20"]
[EventType "team-tourn"]
[EventCountry "ENG"]
[SourceTitle "playchess.com"]
[Source "ChessBase"]
[SourceQuality "1"]
[TimeControl "40/6000+30:2400+30"]

1. d4 Nf6 2. Nf3 g6 3. c4 Bg7 4. Nc3 d5 5. cxd5 Nxd5 6. e4 Nxc3 7. bxc3 c5 8. Rb1 O-O 9. Be2 Nc6 10. d5 Na5 11. c4 b6 {[%emt 0:09:31] D85: Exchange Grünfeld: Unusual White 7th moves and lines with 7 Nf3.} 12. Bg5 Bg4 {[%emt 0:05:32] [#]} 13. Nd2 $146 ({White should play} 13. Qc2 $14) ({Predecessor:} 13. Rc1 h6 14. Bh4 Bxf3 15. Bxf3 Qe8 16. O-O e5 17. dxe6 Qxe6 18. e5 Rae8 19. Bd5 Qxe5 {1-0 Eriksson,J (2364)-Dzevlan,M (2414) Stockholm IM 2000 (1)}) 13... Bxe2 $11 14. Qxe2 Qd7 15. O-O e5 (15... e6 $11) 16. Rb5 Nb7 17. Nb1 Nd6 18. Rb3 f5 (18... f6 $5 19. Bc1 Qa4 $11) 19. Nc3 Rae8 20. f3 h6 21. Bd2 g5 22. a4 fxe4 23. fxe4 Rxf1+ 24. Kxf1 Rf8+ 25. Ke1 Rf6 26. Nb5 Nxb5 (26... Nb7 $14) 27. axb5 $16 a5 28. bxa6 Qa4 29. Rf3 Qxa6 30. Rxf6 Bxf6 {[%emt 0:00:01][%mdl 4096] Endgame KQB-KQB} 31. h3 Qa4 32. Qd3 Qd7 (32... Qa1+ $16 33. Kf2 Qb2) 33. Qb3 Bd8 (33... Qa7 $16 34. Kf2 Bg7) 34. Qg3 $18 {[%emt 0:00:22] aiming for Bc3.} Qd6 (34... Bf6 $142 35. Qb3 Qa7) 35. h4 Qf6 36. Qg4 Be7 37. Ke2 Kg7 38. h5 (38. Bc3 $142) 38... Qf7 39. g3 Bd6 40. Bc3 Qe8 41. Kd3 b5 (41... Bb8 $16 42. Kd2 Bc7) 42. cxb5 Qxb5+ 43. Kd2 {[%emt 0:00:00] Qe6 would be deadly.} Qe8 44. Qf5 c4 (44... Bb8 $142 45. Kd3 Bd6) 45. g4 Kg8 46. Qf6 Qf8 47. Qe6+ Kh7 48. Ke2 (48. Bxe5 Qf2+ 49. Kd1 (49. Kc1 Qf1+ 50. Kb2 Qe2+ 51. Kc3 Qf3+ 52. Kxc4 Qe2+ 53. Kd4 Qd2+ 54. Kc4 Qe2+ 55. Kd4 Qd2+ 56. Kc4 Qe2+ $11) 49... Qf3+ 50. Kc1 Qf1+ 51. Kc2 Qe2+ 52. Kc3 Qf3+ 53. Kxc4 Qe2+ 54. Kd4 Qd2+ 55. Kc4 Qe2+ 56. Kd4 Qd2+ 57. Kc4 Qe2+ $11) 48... Qf4 (48... Bb8 $142 49. Bxe5 Bxe5) 49. Qg6+ {[%emt 0:00:00][%mdl 64] Deflection} (49. Qxd6 Qxe4+ 50. Kf2 Qc2+ 51. Kg1 Qc1+ 52. Kh2 Qc2+ 53. Kh1 Qc1+ 54. Kh2 Qc2+ 55. Kh1 Qc1+ 56. Kh2 $11) 49... Kh8 50. Qxh6+ (50. Qxd6 Qxe4+ 51. Kf2 Qc2+ 52. Kg1 Qd1+ 53. Kh2 (53. Kf2 Qc2+ 54. Kg1 Qd1+ 55. Kh2 Qe2+ 56. Kg3 Qd3+ 57. Kh2 Qe2+ 58. Kh3 Qf3+ 59. Kh2 Qf2+ 60. Kh3 Qf3+ 61. Kh2 Qf2+ 62. Kh3 Qf3+ $11) 53... Qc2+ 54. Kg1 Qd1+ 55. Kh2 (55. Kf2 Qc2+ 56. Kg1 $11) 55... Qc2+ 56. Kh1 Qc1+ 57. Kh2 Qc2+ $11) 50... Kg8 51. Qg6+ (51. Qxd6 Qxe4+ 52. Kd2 Qd3+ 53. Ke1 Qxc3+ 54. Ke2 Qd3+ 55. Kf2 Qd4+ 56. Ke1 Qe4+ 57. Kf2 Qd4+ 58. Ke1 Qe4+ 59. Kf2 Qd4+ $11) 51... Kh8 52. Qf5 (52. Qxd6 Qxe4+ 53. Kd2 Qd3+ 54. Ke1 Qxc3+ 55. Ke2 Qd3+ 56. Kf2 Qd4+ 57. Kf1 Qd3+ 58. Kg2 Qd2+ 59. Kh3 Qd3+ 60. Kh2 Qd2+ 61. Kh3 Qd3+ 62. Kh2 Qd2+ 63. Kh3 $11) 52... Qh2+ 53. Qf2 Qh1 {[%emt 0:03:12] [#]} (53... Qf4 $142 54. Qxf4 gxf4) 54. Bxe5+ $2 Bxe5 $16 55. Qf8+ Kh7 {[%emt 0:00:11] Threatens to win with ...Qg2+.} 56. Qf5+ Kg8 {[%emt 0:00:12] Hoping for ...Qh2+.} 57. Qxe5 {[%emt 0:00:00] KQ-KQ} (57. Qe6+ $16 Kh7 58. Qxe5) 57... Qg2+ $2 (57... Qc1 58. Qe8+ Kh7 59. Qf7+ Kh8 60. Qf6+ Kh7 61. Qg6+ Kh8 62. Qf6+ Kg8 63. Qe6+ Kh7 64. Qf5+ Kh8 65. Qf8+ Kh7 66. Qf7+ Kh8 67. Qf8+ Kh7 68. Qf7+) 58. Ke1 {[%emt 0:00:00] Black must now prevent d6.} c3 59. Qxg5+ (59. Qxc3 Qxe4+ 60. Kd2 Qxg4 $16) 59... Kh8 60. Qf6+ Kg8 61. Qxc3 $2 (61. Qe6+ Kh8 62. Qe8+ Kg7 63. Qg6+ Kf8 64. Qf5+ Kg8 65. Qg5+ Kh8 66. Qf6+ Kg8 67. Qe6+ Kh8 68. Qh6+ Kg8 69. Qg5+) 61... Qxe4+ $18 62. Kf2 {[%emt 0:00:00] Qc8+ would kill now.} Qxd5 63. Kg3 ({But not} 63. Qc8+ Kg7 64. Qc7+ Kh8 65. Qc8+ Kg7 66. Qc3+ Kg8 $18) 63... Qd6+ 64. Kh3 Qf4 65. Qc8+ Kg7 66. Qd7+ Kh6 67. Qe6+ Kg7 68. Qg6+ Kh8 69. Qd3 Kg7 70. Qg3 Qf1+ 71. Kh4 $2 (71. Kh2 $1 $18) 71... Qh1+ $11 72. Kg5 {[%emt 0:00:09] White wants to mate with Qc7+.} Qd5+ 73. Kf4 {[%emt 0:00:20] And now Qc3+ would win.} Qd6+ 74. Kf3 Qd3+ 75. Kg2 Qe2+ $1 76. Kh1 ({Not} 76. Kh3 Qf1+ 77. Kh2 Qe2+ 78. Qg2 Qe3 79. Qb2+ Kg8 $18) 76... Qf1+ $2 (76... Kh7 $11 77. Qf4 Kg7 78. Qg5+ Kh7) 77. Kh2 $18 Qe2+ {[%emt 0:00:53] [#]} 78. Qg2 $1 Qe5+ 79. Kh3 Qe3+ {[%emt 0:00:12] [#]} 80. Qg3 $1 Qe4 81. Qc3+ Kh7 82. Kg3 Qd5 83. Qc7+ Kh6 84. Qb6+ Kg7 85. Qe3 Qd6+ 86. Qf4 Qd1 87. Qe5+ Kh7 88. Kh4 Qh1+ 89. Kg5 {[%emt 0:00:07] Threatening mate with Qe7+.} Qd1 $2 (89... Qb7 $18 90. h6 Kg8) 90. Qf5+ Kg8 91. Kh6 Qd4 92. Qg6+ $2 ({White should try} 92. Qe6+ $18 Kf8 93. Qc8+ Kf7 94. Qc7+ Ke6 95. Qg7) 92... Kf8 $11 93. g5 {[%emt 0:00:19] Intending Qf6+ and mate.} Qh8+ $2 (93... Qd7 $11 94. Qf6+ Kg8 95. Qg6+ Kf8) 94. Qh7 Qe5 95. Qd7 Qe6+ $1 96. Qxe6 {[%emt 0:01:51] An exciting game.   Weighted Error Value: White=0.34/Black=0.21 (precise)} 1/2-1/2

[Event "4NCL 2022-2023"]
[Site "Daventry"]
[Date "2023.02.11"]
[Round "5.32"]
[White "Kalaiyalahan, Akshaya"]
[Black "Sucikova, Svetlana"]
[Result "1/2-1/2"]
[ECO "D12"]
[WhiteElo "2148"]
[BlackElo "2205"]
[Annotator "TA"]
[PlyCount "216"]
[EventDate "2022.10.20"]
[EventType "team-tourn"]
[EventCountry "ENG"]
[SourceTitle "playchess.com"]
[Source "ChessBase"]
[SourceQuality "1"]
[TimeControl "40/6000+30:2400+30"]

1. d4 d5 2. c4 c6 3. e3 Nf6 4. Nf3 Bf5 5. Nc3 Nbd7 6. cxd5 {[%emt 0:14:15] D12: Slav Defence: 3 Nf3 Nf6 4 e3 Bf5.} cxd5 7. Qb3 Nb6 (7... e6 $14) 8. a4 {[%emt 0:05:33] Strongly threatening Ne5. White is better.} a5 ({Better is} 8... e6) 9. Bb5+ $16 Bd7 10. Bxd7+ Nfxd7 11. Nxd5 {[%emt 0:00:46] [#] White is more active.} Nxd5 $146 ({Predecessor:} 11... e6 12. Nc3 Bb4 13. O-O O-O 14. Bd2 Nf6 15. Ne5 Rc8 16. Rfc1 Qe7 17. Rc2 Rfd8 {1-0 Gomez,C (2197)-Bertinetti,A (2022) ARG-ch U14 Villa Carlos Paz 2004 (1)}) 12. Qxd5 Qb6 13. O-O ({Much less strong is} 13. Ng5 e6 14. Qb5 (14. Qf3 Bb4+ 15. Kf1 O-O $11) 14... Qxb5 15. axb5 Rc8 $16) 13... e6 14. Qg5 f6 15. Qg3 Kf7 16. e4 Be7 17. Be3 Rhc8 18. Qh3 Nf8 19. d5 Bc5 20. Qh5+ (20. e5 $16 {exf6 would be deadly.} Bxe3 21. fxe3 Qxe3+ 22. Kh1) 20... Kg8 $14 21. Bd2 Bb4 {[%emt 0:01:16] Dodges Bc3} 22. Be3 Bc5 23. Bd2 Bb4 $1 {[%emt 0:00:02] Repels Bc3} 24. Bxb4 Qxb4 25. dxe6 (25. e5 $1 $16) 25... Nxe6 26. Qd5 Ra6 27. e5 Rd8 28. Qa2 fxe5 29. Nxe5 Qf4 30. Nf3 Kh8 31. Rfe1 Nd4 32. Nxd4 Qxd4 33. Qf7 {[%emt 0:00:56] Re8+ would kill now.} h6 34. Qxb7 (34. Re8+ $16 Rxe8 35. Qxe8+ Kh7 36. Qb5) 34... Rf6 $1 $11 ({Don't take} 34... Rb6 35. Qf3 $16) 35. h3 Rxf2 36. Kh1 Rxb2 37. Qe4 Qxe4 38. Rxe4 {[%emt 0:00:05][%mdl 4096] Endgame KRR-KRR} Rd5 39. Rc1 Rg5 40. Rg1 Ra2 41. Kh2 Kh7 42. h4 Rg6 43. Kh3 Rb6 44. Rf1 Rb4 45. Re7 Ra3+ ({Resist} 45... Rbxa4 46. Rff7 $16) 46. Rf3 $1 Rxf3+ 47. gxf3 Rxa4 $15 {[%emt 0:00:10] KR-KR} 48. h5 Ra1 49. Ra7 Kg8 50. Kg2 a4 51. Kh2 a3 52. Kg2 a2 53. Kh2 Kf8 (53... Rb1 {simplifies} 54. Rxa2 Rb5 55. Kg2 Rxh5 56. Ra8+ Kh7) 54. Kg2 Ke8 55. Kh2 Kd8 (55... Rc1 {simplifies} 56. Rxa2 Rc5 57. Kg3 Rxh5 58. f4 Rc5) 56. Kg2 Kc8 $1 57. Kh2 Kb8 58. Ra4 Kb7 59. Kg2 Kb6 60. Ra8 Kc5 61. Ra7 (61. Ra5+ $17 {is a better defense.} Kc4 62. Ra7) 61... Kd4 62. Rd7+ Ke3 63. Ra7 Kd4 $2 (63... Kd2 $19 64. Rd7+ Kc3 65. Rc7+ Kd4) 64. Ra5 (64. Rd7+ $1 $11 {was the only way to keep the balance.} Ke5 65. Ra7) 64... Kc4 $17 {[%emt 0:00:37] Threatens to win with ...Kb3.} 65. Ra7 (65. Ra6 $17) 65... Kd5 $19 66. Ra8 Ke5 67. Ra6 {[%emt 0:02:48] [#]} Kf5 $1 68. Ra7 Kf6 69. Ra5 {[%emt 0:00:07] [#]} Rb1 $2 (69... g5 $1 $19 {And now ...Ke6 would win.} 70. hxg6 Kxg6) 70. Rxa2 $15 Rb5 71. Ra6+ Kf7 72. Ra7+ Kg8 73. Kg3 Rxh5 74. f4 Rh1 75. Kg2 Re1 76. Kg3 Kf8 77. Kf3 Re7 78. Ra8+ Kf7 79. Ra6 Re6 80. Ra7+ Kf6 81. Rb7 Ra6 82. Rb5 g6 83. Rc5 Ra3+ 84. Kg2 h5 85. Rd5 h4 (85... Rb3 $17) 86. Rb5 {[%emt 0:00:10] The position is equal.} Rg3+ 87. Kf2 Rd3 88. Kg2 Ke6 89. Rg5 Kf6 90. Rg4 h3+ 91. Kh2 Rf3 92. Rh4 Kf5 93. Rh6 (93. Kg1 {simplifies} Rxf4 94. Rxh3 Ra4 95. Kf2) 93... Rc3 (93... Rxf4 {simplifies} 94. Rxh3 Rf2+ 95. Kg1 Rc2) 94. Rh4 Rd3 95. Rh6 Rd1 96. Rxh3 Kxf4 97. Rb3 Rd2+ 98. Kg1 g5 99. Ra3 g4 100. Rb3 Re2 101. Ra3 Re3 102. Rxe3 Kxe3 $11 {[%emt 0:00:05] KP-K} 103. Kg2 Kf4 104. Kf2 g3+ 105. Kg2 Kg4 106. Kg1 Kf3 {[%emt 0:00:05] ( -> ...g2)} 107. Kf1 g2+ 108. Kg1 Kg3 {[%emt 0:00:36] Whites escaped into a draw.   Weighted Error Value: White=0.13 (very precise) /Black=0.06 (flawless)} 1/2-1/2

[Event "4NCL 2022-2023"]
[Site "Daventry"]
[Date "2023.02.11"]
[Round "5.33"]
[White "Urkedal, Frode Olav Olsen"]
[Black "Murphy, Conor E"]
[Result "1-0"]
[ECO "D35"]
[WhiteElo "2543"]
[BlackElo "2431"]
[Annotator "TA"]
[PlyCount "133"]
[EventDate "2022.10.20"]
[EventType "team-tourn"]
[EventCountry "ENG"]
[SourceTitle "playchess.com"]
[Source "ChessBase"]
[SourceQuality "1"]
[TimeControl "40/6000+30:2400+30"]

1. c4 e6 2. Nc3 d5 3. d4 Nf6 4. cxd5 exd5 5. Bg5 Be7 6. e3 O-O 7. Bd3 Re8 8. Nf3 {[%emt 0:06:23] D35: Queen's Gambit Declined: Exchange Variation.} h6 {[%emt 0:02:04] outshines the older 8...Nbd7.} 9. Bh4 c6 10. Bg3 {[%emt 0:02:29] The position is equal.} Nh5 11. Be5 Nf6 12. h3 Bd6 13. O-O {[%emt 0:06:39] [#]} Bxe5 $146 ({Predecessor:} 13... Qe7 14. Bxf6 Qxf6 15. e4 dxe4 16. Nxe4 Qe7 17. Re1 Be6 18. Bc4 Nd7 19. Bxe6 fxe6 {1-0 L'Ami,E (2621)-Costa,L (2320) Bundesliga 2122 2022 (2.3)}) 14. Nxe5 (14. dxe5 Nfd7 $11) 14... c5 15. Rc1 a6 16. Bb1 Qd6 17. Qf3 (17. Na4 $14) 17... cxd4 $11 18. exd4 Nbd7 19. Nd3 Nf8 20. Nf4 Be6 21. Rcd1 Rad8 22. a3 Bd7 23. Rfe1 (23. Nfxd5 Nxd5 24. Qxd5 (24. Nxd5 $2 Bc6 $19) 24... Qxd5 25. Nxd5 Ba4 $17) 23... Ne6 24. Nxe6 (24. Ncxd5 $2 Nxd5 25. Nxd5 Ng5 26. Rxe8+ Bxe8 $19) 24... Rxe6 25. Rxe6 Qxe6 26. Qf4 Re8 27. Qc7 Bc6 28. Bd3 Re7 29. Qf4 Qd7 30. f3 Qd8 31. Qh4 Qb6 32. Qf2 Nh5 33. Qh4 Nf6 34. Qf2 Nh5 35. Bb1 Nf4 36. Kh2 Qc7 37. g3 Nh5 38. Ba2 Qd6 39. Rd2 Re6 40. Bb1 Qe7 41. Bf5 Re1 (41... Rd6 {simplifies} 42. Re2 Qd8 43. Bd3 Nf6) 42. Re2 Rxe2 43. Qxe2 Qg5 44. Bg4 {[%emt 0:00:00] Active counter play!} Nf6 45. f4 Qg6 46. Bf3 Qf5 47. Bg2 h5 48. Qd2 Bd7 49. Nd1 Ne4 50. Qe3 {[%emt 0:00:00] White is weak on the light squares} Qe6 51. Nf2 Bc6 52. Nd3 Bb5 53. Nf2 Bc6 54. Qf3 g6 {[%emt 0:01:47] ...Nd2 would be deadly.} 55. Nd3 Bb5 {[%emt 0:00:55] [#]} 56. f5 $1 Qf6 57. Nb4 (57. Ne5 $5 ) 57... h4 $2 ({Don't play} 57... Qxf5 58. Qxf5 gxf5 59. Nxd5 $16) (57... Qxd4 $11 {and Black has nothing to worry.} 58. fxg6 (58. Nxd5 Nd6 $11) 58... fxg6) 58. Nxd5 $18 hxg3+ 59. Qxg3 Nxg3 $2 (59... Qxd4 60. Bxe4 Qxb2+ 61. Bg2 Bf1 62. fxg6 Bxg2 63. gxf7+ Kxf7) 60. Nxf6+ {[%emt 0:00:00][%mdl 64] [#] Discovered Attack. White is clearly winning.} Kg7 61. Kxg3 Kxf6 62. fxg6 ({Less strong is} 62. Bxb7 Kxf5 63. Bd5 Be8 $16) 62... fxg6 63. Bxb7 {[%emt 0:00:00] KB-KB} g5 64. b4 Kf5 65. Kf3 Kf6 66. Bc8 Bc6+ 67. Ke3 {[%emt 0:00:19] Weighted Error Value: White=0.06 (flawless) /Black=0.18 (very precise)} 1-0